 Dungeon Crawl Stone Soup version 0.20-a0-709-gd40821f (console) character file.

89 nht the Chucker (level 4, -2/44 HPs)
             Began as an Ogre Hunter on Feb 21, 2017.
             Was an Initiate of Ru.
             Slain by a leopard gecko (4 damage)
             ... on level 2 of the Dungeon.
             The game lasted 00:02:51 (1915 turns).

nht the Chucker (Ogre Hunter)                       Turns: 1915, Time: 00:02:51

Health: -2/44      AC:  3    Str: 17    XL:     4   Next: 55%
Magic:  4/4        EV: 10    Int: 12    God:    Ru [......]
Gold:   125        SH:  0    Dex:  9    Spells: 3/3 levels left

rFire    . . .     SeeInvis .   a - +0 short sword
rCold    . . .     Gourm    .   b - +0 robe
rNeg     . . .     Faith    .   (no shield)
rPois    .         Spirit   .   (helmet restricted)
rElec    .         Reflect  .   (no cloak)
rCorr    +         Harm     .   (gloves unavailable)
MR       .....                  (boots unavailable)
Stlth    +.........             (no amulet)
Regen    0.2/turn               (no ring)
MPRegen  0.1/turn               n - ring of resist corrosion

@: no status effects
A: unfitting armour, tough skin 1
a: Renounce Religion


You were on level 2 of the Dungeon.
You worshipped Ru.
Ru was noncommittal.
You were not hungry.

You visited 1 branch of the dungeon, and saw 2 of its levels.

You collected 125 gold pieces.

Inventory:

Hand Weapons
 a - a +0 short sword (weapon)
 h - a +0 club
Missiles
 c - 2 large rocks (quivered)
 d - 2 throwing nets
Armour
 b - a +0 robe (worn)
Jewellery
 n - a ring of resist corrosion (left hand)
Scrolls
 e - a scroll of recharging {unknown}
 k - 6 scrolls of identify {unknown}
 l - a scroll of teleportation {unknown}
 m - a scroll of remove curse {unknown}
 o - a scroll of enchant armour {unknown}
Comestibles
 f - 3 bread rations
 g - a royal jelly
 i - 7 chunks of flesh
 j - a meat ration


   Skills:
 - Level 2.6 Fighting
 + Level 3.4 Maces & Flails
 - Level 4.1 Throwing
 - Level 1.7 Dodging
 - Level 0.6 Stealth


You had 3 spell levels left.
You didn't know any spells.

Dungeon Overview and Level Annotations

Branches:
Dungeon (2/15)

Altars:
Elyvilon
Ru


Innate Abilities, Weirdness & Mutations

You are too large for most types of armour.
You have tough skin. (AC +1)


Message History

* * * LOW HITPOINT WARNING * * *
Throwing (i - inventory. (,) - cycle):
c - 5 large rocks (quivered)
Press: ? - help, Shift-Dir - straight line, f - adder
Aim: an adder You throw a large rock.
The large rock misses the adder.
The adder misses you. The adder closely misses you.
Throwing (i - inventory. (,) - cycle):
c - 4 large rocks (quivered)
Press: ? - help, Shift-Dir - straight line, f/p - adder
Aim: an adder You throw a large rock.
The large rock completely misses the adder.
The adder closely misses you. The adder bites you.
* * * LOW HITPOINT WARNING * * *
Throwing (i - inventory. (,) - cycle):
c - 3 large rocks (quivered)
Press: ? - help, Shift-Dir - straight line, f/p - adder
Aim: an adder You throw a large rock.
The large rock hits the adder!!
You kill the adder!
The leopard gecko bites you.
You die...

.███████.█
█..█..█.█████
█.......███.███...█
.█.█........█████..█
.........███..██...█
██<█.██..........███
█.█....██████...██
█.█..███b...███..█
█...██.ls.g...██.██
█...█.@███.....█..█
█..██.██ ...█.██.██
█..█..█ (..█..█..████
█..█..█ .).█..█......
█..█..█ .$.█.........
██.█..█ ?..█.......█.
█.██.██ ..██.....█.██
█..█..██████....(.█...
██.██.............████


You could see a leopard gecko, a giant cockroach, a goblin and a bat.

Vanquished Creatures
  2 adders (D:2)
  An ooze (D:2)
  2 worms (D:2)
  A leopard gecko (D:2)
  4 giant cockroaches
  5 goblins
  8 hobgoblins
  5 jackals
  8 kobolds
  2 quokkas (D:2)
  7 bats
  2 frilled lizards (D:1)
  7 rats
54 creatures vanquished.

Notes
Turn   | Place    | Note
-------+----------+-------------------------------------------
     0 | D:1      | nht the Ogre Hunter began the quest for the Orb.
     0 | D:1      | Reached XP level 1. HP: 22/22 MP: 1/1
   139 | D:1      | Reached skill level 1 in Maces & Flails
   139 | D:1      | Reached XP level 2. HP: 19/29 MP: 2/2
   348 | D:1      | HP: 1/29 [kobold/short sword (6)]
   804 | D:1      | Reached XP level 3. HP: 32/36 MP: 3/3
  1179 | D:2      | Found a sacrificial altar of Ru.
  1452 | D:2      | Became a worshipper of Ru the Awakened
  1512 | D:2      | Found a white marble altar of Elyvilon.
  1555 | D:2      | Reached XP level 4. HP: 42/44 MP: 4/4
  1914 | D:2      | HP: 2/44 [adder (4)]
  1915 | D:2      | Slain by a leopard gecko

Vault maps used:
D:1:      elethiomel_arrival_maze
D:2:      nicolae_overflow_crystal_walls, old_standard_altar,
          minmay_randomly_rotated_circles

Skill      XL: |  1  2  3  4 |
---------------+-------------+-----
Maces & Flails | 1 2 3 |  3.4
Fighting       | |  2.6
Throwing       | |  4.1
Dodging        | |  1.7
Stealth        | |  0.6

Action                   |  1- 3 |  4- 6 || total
-------------------------+-------+-------++-------
Melee: Short sword       |   161 |    87 ||   248
Throw: Large rock        |     4 |     4 ||     8
  Use: Potion            |     1 |       ||     1
 Stab: Sleeping          |     1 |       ||     1
  Eat: Chunk             |     2 |     2 ||     4
Armor: Robe              |    46 |    45 ||    91
Dodge: Dodged            |    77 |    66 ||   143
